 Seeded DCSS version 0.28-a0-1567-g1695149f81 (webtiles) character file.

Game seed: 562 (custom seed)

2307 knot the Cleaver (level 9, -4/63 HPs)
             Began as a Demonspawn Berserker on Jan 20, 2022.
             Was a Priest of Trog.
             Slain by a killer bee (7 damage)
             ... on level 6 of the Dungeon.
             The game lasted 00:06:40 (6998 turns).

knot the Cleaver (Demonspawn Berserker)             Turns: 6998, Time: 00:06:41

Health: -4/63      AC:  5    Str: 18    XL:     9   Next: 18%
Magic:  9/9        EV: 12    Int: 13    God:    Trog [***...]
Gold:   147        SH:  0    Dex: 12    Spells: 8/8 levels left

rFire   . . .      SeeInvis .   a - +0 hand axe
rCold   . . .      Faith    .   (no shield)
rNeg    . . .      Spirit   .   b - +0 animal skin
rPois   .          Reflect  .   (helmet restricted)
rElec   .          Harm     .   (no cloak)
rCorr   .          Rampage  .   (no gloves)
Will    .....                   (no boots)
Stlth   +.........              (no amulet)
HPRegen 0.20/turn               (no ring)
MPRegen 0.11/turn               (no ring)

@: lethally poisoned (-4 -> -5), on berserk cooldown, slowed, very slow
A: horns 2, yellow scales 2, powered by death 1
a: Renounce Religion, Berserk, Trog's Hand


You were on level 6 of the Dungeon.
You worshipped Trog.
Trog was most pleased with you.
You visited 1 branch of the dungeon, and saw 6 of its levels.

You collected 267 gold pieces.
You spent 120 gold pieces at shops.

Inventory:

Hand Weapons
 a - a +0 hand axe (weapon)
 l - the +9 whip of Ozuics {pain, rCorr Int+4}
   (You bought it in a shop on level 3 of the Dungeon)

   In the hands of one skilled in necromantic magic, it inflicts extra damage on
   living creatures.
   Int:       It affects your intelligence (+4).
   rCorr:     It protects you from acid and corrosion.
   Trog disapproves of the use of such an item.
Missiles
 c - 239 stones
 g - 19 sling bullets
 i - 6 javelins
 j - 11 poisoned darts
 n - a curare-tipped dart
Armour
 b - a +0 animal skin (worn)
Jewellery
 w - an amulet of faith
 x - a ring of protection from cold
Wands
 q - a wand of flame (24)
 s - a wand of paralysis (8) (quivered)
 y - a wand of mindburst (3)
Scrolls
 f - 3 scrolls of identify
 k - 4 scrolls of teleportation
 o - 2 scrolls of blinking {unknown}
 p - a scroll of immolation {unknown}
 r - a scroll of fear {unknown}
 t - a scroll of enchant weapon {unknown}
 u - a scroll of amnesia {unknown}
Potions
 d - 2 potions of degeneration
 e - a potion of flight
 h - a potion of brilliance {unknown}
 m - a potion of attraction {unknown}
 v - a potion of lignification {unknown}


   Skills:
 - Level 3.0 Fighting
 + Level 11.6 Axes
 - Level 1.7 Armour
 - Level 1.7 Dodging


You had 8 spell levels left.
You didn't know any spells.
Your spell library contained the following spells:

 Spells                   Type           Power      Damage    Failure   Level
 Dazzling Flash           Conj/Hex       0%         N/A       67%         3
 Agony                    Necr           0%         N/A       100%        5
 Silence                  Hex/Air        0%         N/A       100%        5


Dungeon Overview and Level Annotations

Branches:
Dungeon (6/15)
 Temple: D:4-7

Altars:
Wu Jian
Zin

Shops:
D:3 (

Annotations:
D:3 2 transporters, belegose's ghost, amateur DjEn


Innate Abilities, Weirdness & Mutations

You have a pair of horns on your head.
You are mostly covered in yellow scales. (AC +3)
You regenerate a little health from kills.


Message History

A killer bee comes into view.
You feel sick.
You are no longer poisoned.
Okay, then.
You feel the effects of Trog's Hand fading.
The killer bee buzzes angrily.
The killer bee misses you. The killer bee barely misses you.
The killer bee misses you. The killer bee completely misses you.
The killer bee stings you.
You are poisoned.
The killer bee poisons you! The killer bee stings you!
Your skin stops crawling.
You feel less strong-willed.
You feel very sick. The killer bee barely misses you. x2
Cleave: a) +0 hand axe
Press: ? - help, Dir - move target, f - killer bee
Aim: a killer bee (about 60% to evade your +0 hand axe)
Okay, then.
Aiming: Paralyse
Press: ? - help, Q - select action, (/) - cycle Shift-Dir - straight line, f - killer bee
Aim: a killer bee (chance to affect: 57%)
The killer bee resists with significant effort.
You feel sick. The killer bee stings you.
* * * LOW HITPOINT WARNING * * *
The killer bee barely misses you. The killer bee closely misses you.
Aiming: Paralyse
Press: ? - help, Q - select action, (/) - cycle Shift-Dir - straight line, f/p - killer bee
Aim: a killer bee (chance to affect: 57%)
The killer bee resists with significant effort.
You feel sick. The killer bee stings you.
* * * LOW HITPOINT WARNING * * *
The killer bee closely misses you. The killer bee misses you.
Okay, then.
Aiming: Mindburst
Press: ? - help, Shift-Dir - straight line, f/p - killer bee
Aim: a killer bee (chance to affect: 72%)
The killer bee's mind is blasted!
* * * LOW HITPOINT WARNING * * *
You feel sick. The killer bee stings you!
You die...

... #... .# ..#.#.#
#.#...# #.##..#
#.##..# #.##..#
#@##l†# .. #y##..#
....###l##..#
#......#..# .
######.....# ..
...#........l##
#...................#
#.........#.........#
#.........#####..##.#


You could see an iguana and a killer bee.

Vanquished Creatures
  Pikel (D:6)
  Sigmund (D:2)
  Eustachio (D:4)
  Menkaure (D:6)
  2 water moccasins
  An orc warrior (D:4)
  An ice beast (D:3)
  An ogre (D:4)
  A kobold brigand (D:5)
  A scorpion (D:5)
  A water moccasin skeleton (D:4)
  A water moccasin zombie (D:5)
  3 killer bees (D:6)
  A centaur skeleton (D:4)
  A gnoll shaman (D:6)
  2 hounds
  A bullfrog skeleton (D:6)
  2 iguanas
  Terence (D:2)
  2 orc wizards (D:4)
  A hound skeleton (D:4)
  Robin (D:2)
  10 gnolls
  8 adders
  An ufetubus (D:4)
  An adder zombie (D:5)
  2 dart slugs
  9 orcs
  3 bats
  9 endoplasms
  3 giant cockroaches
  15 goblins
  11 hobgoblins
  2 jackals (D:4)
  6 quokkas
  7 ball pythons
  3 frilled lizards
  10 kobolds
  3 rats (D:1)
131 creatures vanquished.

Notes
Turn   | Place    | Note
-------+----------+-------------------------------------------
     0 | D:1      | knot the Demonspawn Berserker began the quest for the Orb.
     0 | D:1      | Reached XP level 1. HP: 18/18 MP: 1/1
   127 | D:1      | Reached skill level 3 in Axes
   333 | D:1      | Gained mutation: You are partially covered in yellow
                  | scales. (AC +2) [demonic ancestry]
   333 | D:1      | Reached XP level 2. HP: 17/24 MP: 2/2
  1306 | D:1      | Found a faded altar of an unknown god.
  1325 | D:1      | Reached XP level 3. HP: 29/29 MP: 3/3
  1426 | D:1      | Reached ** piety under Trog
  1594 | D:2      | Noticed Terence
  1611 | D:2      | Killed Terence
  1612 | D:2      | Reached skill level 4 in Axes
  1846 | D:2      | Gained mutation: You are mostly covered in yellow scales.
                  | (AC +3) [demonic ancestry]
  1846 | D:2      | Reached XP level 4. HP: 32/35 MP: 4/4
  2020 | D:2      | Reached skill level 5 in Axes
  2295 | D:2      | Noticed Sigmund
  2296 | D:2      | Noticed Robin
  2305 | D:2      | Killed Sigmund
  2306 | D:2      | Reached skill level 6 in Axes
  2306 | D:2      | Reached XP level 5. HP: 23/41 MP: 5/5
  2306 | D:2      | Gained mutation: You regenerate a little health from kills.
                  | [demonic ancestry]
  2306 | D:2      | Reached XP level 6. HP: 26/47 MP: 6/6
  2317 | D:2      | Killed Robin
  2883 | D:3      | Found a transporter.
  2883 | D:3      | Noticed belegose's ghost (amateur DjEn)
  2955 | D:3      | Found a transporter.
  2976 | D:3      | Noticed an ice beast
  2989 | D:3      | Killed an ice beast
  3426 | D:3      | Found an ornate altar of the Wu Jian Council.
  3754 | D:3      | Found Teiles's Antique Weapon Emporium.
  3764 | D:3      | Bought a twisted whip for 120 gold pieces
  3764 | D:3      | Identified the +9 whip of Ozuics {pain, rCorr Int+4} (You
                  | bought it in a shop on level 3 of the Dungeon)
  3858 | D:4      | Reached skill level 7 in Axes
  3966 | D:4      | Noticed an orc warrior
  3980 | D:4      | Reached XP level 7. HP: 35/52 MP: 7/7
  4289 | D:4      | Reached skill level 8 in Axes
  4682 | D:4      | Reached *** piety under Trog
  4889 | D:4      | Noticed Eustachio
  4908 | D:4      | Killed Eustachio
  4909 | D:4      | Reached skill level 9 in Axes
  4909 | D:4      | Gained mutation: You have a pair of small horns on your
                  | head. [demonic ancestry]
  4909 | D:4      | Reached XP level 8. HP: 58/58 MP: 8/8
  5084 | D:5      | Entered Level 5 of the Dungeon
  5945 | D:5      | Reached skill level 10 in Axes
  6187 | D:6      | Noticed Menkaure
  6348 | D:6      | Killed Menkaure
  6618 | D:6      | Noticed Pikel
  6630 | D:6      | Killed Pikel
  6631 | D:6      | Reached skill level 11 in Axes
  6631 | D:6      | Gained mutation: You have a pair of horns on your head.
                  | [demonic ancestry]
  6631 | D:6      | Reached XP level 9. HP: 50/63 MP: 9/9
  6998 | D:6      | HP: 3/63 [poisoned by a killer bee]
  6998 | D:6      | Slain by a killer bee

Illustrated notes

Levels and vault maps discovered:
D:1:      sevenhm_arrival_forest_fort_small_4, layout_basic,
          hellmonk_ecumenical_altar_heavens_door, minmay_misc_feat_chi,
          corexii_item_surrounded_by_moat
D:2:      layout_rooms, uniq_sigmund, uniq_robin, uniq_terence
D:3:      layout_loops_ring, nzn_wu_jian_contemplation, gammafunk_ghost_arena,
          serial_shops, nicolae_shop_statue_plus
D:4:      layout_basic, chequers_serial_rivers_micro_b, st_stairs_4,
          uniq_eustachio
D:5:      layout_rooms
D:6:      layout_rooms, overflow_temple_1_default,
          mainiacjoe_overflow_small_starburst, uniq_pikel, uniq_menkaure

Skill      XL: |  1  2  3  4  5  6  7  8 |
---------------+-------------------------+-----
Axes           | 3 4 6 7 9 11 | 11.6
Fighting       | |  3.0
Armour         | |  1.7
Dodging        | |  1.7

Action                   |  1- 3 |  4- 6 |  7- 9 || total
-------------------------+-------+-------+-------++-------
Melee: Hand axe          |    98 |   137 |   188 ||   423
       Punch             |     1 |     4 |     7 ||    12
       Headbutt          |       |       |    21 ||    21
Throw: Boomerang         |       |       |     3 ||     3
       Dart              |       |       |     1 ||     1
       Stone             |       |       |     1 ||     1
Invok: Berserk           |     2 |     6 |    10 ||    18
       Trog's Hand       |       |     2 |     1 ||     3
Evoke: Wand              |       |       |     8 ||     8
  Use: Potion            |       |     1 |     1 ||     2
       Scroll            |       |     3 |       ||     3
 Stab: Paralysed         |       |       |     6 ||     6
Armor: Animal skin       |    16 |    49 |    34 ||    99
Dodge: Dodged            |    69 |   107 |   115 ||   291

Table legend: (Time is in decaauts)
 A = Elapsed time spent in this place.
 B = Non-inter-level travel time spent in this place.
 C = Inter-level travel time spent in this place.
 D = Time resting spent in this place.
 E = Time spent auto-exploring this place.
 F = Levels seen in this place.
 G = Mean time per level.
                   A        B        C        D        E       F      G
               +--------+--------+--------+--------+--------+-----+--------+
         Total |   7139 |   6970 |    169 |   3153 |   3020 |   6 | 1189.8 |
       Dungeon |   7139 |   6970 |    169 |   3153 |   3020 |   6 | 1189.8 |
               +--------+--------+--------+--------+--------+-----+--------+

Top non-repeatable levels by time:
     D:1: 1593 daAuts
     D:3: 1377 daAuts
     D:5: 1276 daAuts
     D:2: 1156 daAuts
     D:4: 1050 daAuts
     D:6: 686 daAuts
